 Dungeon Sprint DCSS version 0.29-a0-1006-g0dd7720b37 (webtiles) character file.

Game seed: 6112542346403422241

196 mhtbhm the Sneak (level 5, -4/44 HPs)
             Began as a Palentonga Brigand on Aug 6, 2022.
             Was an Initiate of Okawaru.
             Slain by a spriggan
             ... wielding a +0 short sword of flaming
              (11 damage)
             ... in the Dungeon (Sprint IV: "Fedhas' Mad Dash").
             The game lasted 00:02:01 (1207 turns).

mhtbhm the Sneak (Palentonga Brigand)               Turns: 1207, Time: 00:02:02

Health: -4/44      AC:  5    Str: 18    XL:     5   Next: 45%
Magic:  5/5        EV: 10    Int: 11    God:    Okawaru [......]
Gold:   65         SH:  0    Dex: 12    Spells: 4/4 levels left

rFire   . . .      SeeInvis +   a - +2 dagger
rCold   . . .      Faith    .   (no shield)
rNeg    . . .      Spirit   .   b - +0 robe
rPois   .          Reflect  .   (no helmet)
rElec   .          Harm     .   c - +0 cloak
rCorr   .          Rampage  .   (no gloves)
Will    .....      NoTele   +   (no barding)
Stlth   +++.......              j - amulet of invisibility {+Inv}
HPRegen 0.14/turn               (no ring)
MPRegen 0.09/turn               (no ring)

@: weak-willed, very slightly contaminated, hasted, very quick
A: large, rugged brown scales 3, see invisible, deformed body, roll 1, armoured
tail
a: Rolling Charge, Renounce Religion, Evoke Invisibility


You were in the Dungeon.
You worshipped Okawaru.
Okawaru was noncommittal.
You visited 1 branch You collected 65 gold pieces.

Inventory:

Hand Weapons
 a - a +2 dagger (weapon)
Missiles
 d - 9 poisoned darts (quivered)
Armour
 b - a +0 robe (worn)
 c - a +0 cloak (worn)
Jewellery
 j - the amulet of invisibility (around neck) {+Inv}
   (You found it in the Dungeon)

   [amulet of nothing]

   +Inv:      It lets you turn invisible.
Potions
 g - a potion of brilliance
 i - 2 potions of magic


   Skills:
 + Level 4.2 Fighting
 + Level 4.6 Short Blades
 + Level 2.7 Throwing
 + Level 2.7 Dodging
 + Level 6.9 Stealth
 + Level 1.5 Evocations


You had 4 spell levels left.
You didn't know any spells.
Your spell library was empty.

Dungeon Overview and Level Annotations

Branches:
Dungeon (1/1)

Altars:
Cheibriados
Dithmenos
Elyvilon
Gozag
Hepliaklqana
Kikubaaqudgha
Makhleb
Nemelex Xobeh
Okawaru
Qazlal
Ru
Sif Muna
Trog
Uskayaw
Vehumet
Wu Jian
Xom
Yredelemnul
Zin
The Shining One
Jiyva
Lugonu


Innate Abilities, Weirdness & Mutations

You are completely covered in rugged brown scales. (AC +3, +7% HP)
You have supernaturally acute eyesight. (SInv)
Armour fits poorly on your strangely shaped body.
You can roll at nearby foes to attack.
You have a long armoured tail.


Message History

Unknown command.
There is a hazy altar of Hepliaklqana here.
There is an opulent altar of Gozag here.
Throw: dart (curare)
Press: ? - help, Q - select action, (/) - cycle Shift-Dir - straight line, f/p - spriggan
Aim: a spriggan, wielding a +0 dagger, wearing a +0 robe and wearing a +0 buckler (almost dead, very poisoned, slow, 31% to hit)
You throw a curare-tipped dart.
The curare-tipped dart closely misses the spriggan.
Unknown command.
Press < or > to pray at altars.
The spriggan attacks as you move away! The spriggan barely misses you.
You kill the spriggan!
Okawaru accepts your kill.
There is an open door here.
The spriggan hits you but does no damage.
There is an open door here.
You aren't carrying any items that you can evoke.
Unknown command.
Press: ? - help, v - describe, . - travel
Here: a spriggan, wielding a +0 short sword of flaming, wearing a +0 robe and wearing a +1 buckler of reflection (moderately wounded, reflecting blocked projectiles)
The floor.
The spriggan attacks as you move away! The spriggan closely misses you.
The spriggan hits you with a +0 short sword of flaming.
* * * LOW HITPOINT WARNING * * *
The spriggan burns you.
* * * LOW HITPOINT WARNING * * *
Okay, then.
Okay, then.
Okay, then.
As you read the scroll labelled WOXTOBLEMPA, it crumbles to dust.
Magic quickly surges around you.
It was a scroll of vulnerability.
The spriggan blocks your attack.
The spriggan is moderately wounded.
The spriggan barely misses you.
You hit the spriggan but do no damage.
The spriggan is moderately wounded.
You hit the spriggan but do no damage.
The spriggan is moderately wounded.
The spriggan hits you with a +0 short sword of flaming!
You die...

#######################
#<..P#.....#.....#.⌠._.
#PP..'@i...'.#...'.._._
#PP.P#.....#.#...#..._.
###############+##.._._
#._._. ######


You could see a spriggan (weak-willed, reflecting).

Vanquished Creatures
  A scorpion (D)
  3 oklob saplings (D)
  A spriggan (D)
  A river rat (D)
  A rat (D)
7 creatures vanquished.

Vanquished Creatures (others)
  A fungus (D)
1 creature vanquished.

Grand Total: 8 creatures vanquished

Notes
Turn   | Place    | Note
-------+----------+-------------------------------------------
     0 | D        | mhtbhm the Palentonga Brigand began the quest for the Orb.
     0 | D        | Reached XP level 1. HP: 17/17 MP: 1/1
    24 | D        | Reached skill level 1 in Dodging
    24 | D        | Reached skill level 3 in Stealth
    24 | D        | Reached XP level 2. HP: 14/24 MP: 2/2
   455 | D        | Noticed an oklob sapling
   458 | D        | Killed an oklob sapling
   459 | D        | Reached skill level 4 in Stealth
   459 | D        | Reached XP level 3. HP: 17/29 MP: 3/3
   742 | D        | Noticed a scorpion
   742 | D        | Found the amulet of invisibility {+Inv}
   751 | D        | Killed a scorpion
   752 | D        | Reached skill level 5 in Stealth
   752 | D        | Reached XP level 4. HP: 30/37 MP: 4/4
   886 | D        | Found an opulent altar of Gozag.
   886 | D        | Found a hazy altar of Hepliaklqana.
   886 | D        | Found a burning altar of Makhleb.
   886 | D        | Found a sparkling altar of Nemelex Xobeh.
   886 | D        | Found a snail-covered altar of Cheibriados.
   886 | D        | Found a sacrificial altar of Ru.
   886 | D        | Found a shimmering blue altar of Sif Muna.
   886 | D        | Found a shimmering altar of Xom.
   886 | D        | Found a basalt altar of Yredelemnul.
   887 | D        | Found a viscous altar of Jiyva.
   887 | D        | Found a bloodstained altar of Trog.
   887 | D        | Found an ornate altar of the Wu Jian Council.
   888 | D        | Found an iron altar of Okawaru.
   888 | D        | Found a shadowy altar of Dithmenos.
   888 | D        | Found a glowing silver altar of Zin.
   889 | D        | Found an ancient bone altar of Kikubaaqudgha.
   889 | D        | Found a hide-covered altar of Uskayaw.
   890 | D        | Found a stormy altar of Qazlal.
   890 | D        | Found a white marble altar of Elyvilon.
   890 | D        | Found a glowing golden altar of the Shining One.
   891 | D        | Found a radiant altar of Vehumet.
   891 | D        | Found a corrupted altar of Lugonu.
   894 | D        | Reached skill level 6 in Stealth
   894 | D        | Reached XP level 5. HP: 44/44 MP: 2/5
   898 | D        | Became a worshipper of Warmaster Okawaru
  1035 | D        | Reached skill level 1 in Evocations
  1207 | D        | Slain by a spriggan

Illustrated notes

Levels and vault maps discovered:
D:        dungeon_sprint_fedhas [sprint_temple]

Skill      XL: |  1  2  3  4  5 |
---------------+----------------+-----
Dodging        | 1 2 |  2.7
Stealth        | 3 4 5 6 |  6.9
Short Blades   | 3 4 |  4.6
Throwing       | 2 |  2.7
Fighting       | 3 4 |  4.2
Evocations     | 1 |  1.5

Action                   |  1- 3 |  4- 6 || total
-------------------------+-------+-------++-------
Melee: Dagger            |    24 |    24 ||    48
       Tailslap          |     6 |     3 ||     9
Throw: Dart              |       |     3 ||     3
 Abil: Rolling Charge    |     2 |     3 ||     5
       Evoke Invisibilit |       |     3 ||     3
  Use: Potion            |     3 |     1 ||     4
       Scroll            |       |     3 ||     3
 Stab: Invisible         |       |     2 ||     2
Armor: Robe              |     9 |     6 ||    15
Dodge: Dodged            |    11 |    13 ||    24

Table legend: (Time is in decaauts)
 A = Elapsed time spent in this place.
 B = Non-inter-level travel time spent in this place.
 C = Inter-level travel time spent in this place.
 D = Time resting spent in this place.
 E = Time spent auto-exploring this place.
 F = Levels seen in this place.
 G = Mean time per level.
                   A        B        C        D        E       F      G
               +--------+--------+--------+--------+--------+-----+--------+
         Total |   1199 |   1199 |      0 |   1043 |      3 |   1 | 1199.0 |
       Dungeon |   1199 |   1199 |      0 |   1043 |      3 |   1 | 1199.0 |
               +--------+--------+--------+--------+--------+-----+--------+

Top non-repeatable levels by time:
       D: 1199 daAuts
